AoeStats
← 海旋风

Hill Fort

503843312Analyzed
4v4 RM · 1mo ago on Sep 2, 2026· 82m 53s· 8 players
Game mode
Random Map
Map size
Large (8 player)
Population
200
Speed
Normal
Resources
Standard
Victory
Conquest
Starting age
Dark Age
Ending age
Imperial Age
RankedLock teamsTeams togetherTeam positionsShared explorationLock speedFull tech treeHidden civsTurbo modeCheats
Victory
Defeat
🇨🇴 Magyars · Colombia
876
+15
🇦🇷 Georgians · Argentina
863
+16
🇨🇳 Britons · China
845
+17
🇨🇳 Ethiopians · China
824
+18
🇫🇷 Tatars · France
941
-20
🇫🇷 Ethiopians · France
921
-19
🇦🇷 Cumans · Argentina
803
-14
🇮🇹 Persians · Italy
795
-13
蒸汽机器人
2:42 Loom
10:18 Feudal Age
10:48 Double-Bit Axe
11:33 Gold Mining
13:11 Horse Collar
21:20 Castle Age
20:38 Stone Mining
22:09 Pikeman
23:45 Stone Shaft Mining
25:17 Bow Saw
26:13 Heavy Plow
28:17 Wheelbarrow
28:26 Town Watch
32:15 Imperial Age
31:54 Forging
31:50 Scale Barding Armor
32:01 Bloodlines
31:54 Husbandry
33:27 Hand Cart
33:40 Conscription
35:29 Murder Holes
35:48 Svan Towers
38:03 Chain Barding Armor
38:21 Crop Rotation
38:29 Iron Casting
39:58 Elite Monaspa
41:47 Hoardings
42:18 Blast Furnace
42:02 Town Patrol
42:22 Fortified Wall
42:33 Ballistics
42:26 Masonry
44:47 Plate Barding Armor
45:43 Aznauri Cavalry
46:19 Fletching
50:42 Bodkin Arrow
53:59 Bracer
60:01 Light Cavalry
64:20 Hussar
66:40 Caravan
75:43 Ballistics
75:34 Masonry
75:30 Siege Engineers
76:26 Chemistry
79:49 Architecture
80:47 Treadmill Crane
80:56 Cavalier
Profeta de la Verdad
11:28 Loom
15:00 Feudal Age
19:03 Castle Age
16:50 Double-Bit Axe
16:58 Gold Mining
16:54 Horse Collar
17:41 Bloodlines
19:12 Wheelbarrow
19:45 Light Cavalry
20:26 Husbandry
28:37 Hand Cart
28:10 Town Watch
29:30 Medium Warships
29:44 Scale Barding Armor
29:31 Fletching
35:31 Bodkin Arrow
34:59 Pikeman
35:39 Herbal Medicine
36:05 Heresy
38:47 Imperial Age
35:59 Demolition Ship
37:20 Town Patrol
38:21 Murder Holes
39:45 Bow Saw
41:18 Chemistry
40:39 Ballistics
42:14 Siege Engineers
42:20 Masonry
42:12 Bracer
43:03 Elite Magyar Huszar
43:44 Corvinian Army
46:11 Hoardings
46:32 Treadmill Crane
46:42 Heated Shot
55:22 Halberdier
55:48 Arson
56:18 Recurve Bow
58:55 Heavy Scorpion
60:09 Heavy Plow
60:48 Gold Shaft Mining
60:03 Stone Mining
65:25 Chain Barding Armor
65:05 Padded Archer Armor
65:06 Scale Mail Armor
65:02 Guard Tower
75:35 Shipwright
75:25 Careening
75:35 Shipwright
75:33 Clinker Construction
75:34 Careening
海旋风
6:24 Loom
15:08 Feudal Age
16:38 Double-Bit Axe
19:23 Castle Age
18:41 Horse Collar
21:01 Wheelbarrow
21:49 Bow Saw
23:02 Squires
24:09 Hand Cart
23:51 Crossbowman
27:42 Town Watch
28:46 Fletching
31:35 Town Patrol
36:28 Imperial Age
35:46 Bodkin Arrow
36:03 Forging
35:54 Scale Mail Armor
37:18 Onager
38:49 Gold Mining
38:49 Stone Mining
39:28 Elite Skirmisher
40:15 Halberdier
45:59 Chemistry
44:57 Murder Holes
45:14 Bracer
45:16 Padded Archer Armor
46:06 Conscription
50:51 Iron Casting
50:31 Leather Archer Armor
50:32 Man-at-Arms
56:16 Two-Man Saw
57:12 Ring Archer Armor
57:23 Thumb Ring
59:26 Arbalester
81:20 Caravan
太子
8:59 Loom
12:45 Feudal Age
13:13 Double-Bit Axe
13:12 Horse Collar
20:46 Castle Age
20:04 Fletching
20:27 Padded Archer Armor
22:29 Bodkin Arrow
25:45 Leather Archer Armor
25:34 Scale Mail Armor
25:56 Stone Mining
25:56 Gold Mining
26:13 Gold Mining
26:52 Ballistics
33:32 Imperial Age
32:02 Yeomen
32:17 Masonry
32:07 Murder Holes
33:29 Chain Mail Armor
32:48 Pikeman
35:28 Siege Engineers
37:15 Bracer
40:03 Elite Longbowman
42:22 Warwolf
44:22 Chemistry
48:17 Ring Archer Armor
50:50 Wheelbarrow
54:38 Heavy Plow
58:56 Gold Shaft Mining
61:30 Hoardings
66:12 Plate Mail Armor
73:06 Forging
OPACK
5:09 Loom
11:02 Feudal Age
11:52 Double-Bit Axe
16:15 Wheelbarrow
15:37 Gold Mining
15:40 Stone Mining
20:04 Castle Age
20:56 Bow Saw
23:53 Fletching
23:26 Crossbowman
25:47 Hand Cart
25:55 Bodkin Arrow
26:00 Padded Archer Armor
25:50 Town Watch
27:08 Gold Shaft Mining
27:19 Stone Shaft Mining
26:56 Horse Collar
30:00 Town Patrol
30:51 Thumb Ring
31:05 Leather Archer Armor
31:07 Heavy Plow
35:20 Imperial Age
36:31 Arbalester
37:59 Bracer
38:29 Ring Archer Armor
38:35 Conscription
39:27 Ballistics
40:08 Chemistry
39:19 Masonry
39:15 Siege Engineers
41:06 Elite Skirmisher
49:48 Elite Shotel Warrior
50:43 Forging
50:34 Scale Mail Armor
51:46 Two-Man Saw
51:18 Caravan
52:16 Iron Casting
52:51 Chain Mail Armor
52:35 Arson
52:51 Squires
56:43 Blast Furnace
56:16 Plate Mail Armor
64:33 Halberdier
Kanmuru92
11:25 Feudal Age
11:48 Double-Bit Axe
11:44 Horse Collar
14:18 Stone Mining
14:20 Gold Mining
20:28 Wheelbarrow
23:39 Castle Age
23:31 Scale Mail Armor
23:42 Forging
27:41 Pikeman
28:21 Squires
28:07 Arson
31:42 Heavy Plow
32:21 Stone Shaft Mining
31:59 Bow Saw
32:28 Gold Shaft Mining
32:43 Kamandaran
33:52 Hand Cart
33:23 Town Watch
33:24 Loom
35:42 Scale Barding Armor
35:39 Padded Archer Armor
37:31 Town Patrol
Strictness
2:55 Loom
10:49 Feudal Age
11:18 Double-Bit Axe
12:05 Horse Collar
17:45 Castle Age
16:51 Forging
17:06 Gold Mining
17:44 Bloodlines
18:20 Scale Barding Armor
19:02 Bow Saw
19:11 Heavy Plow
20:22 Stone Mining
20:44 Light Cavalry
21:51 Husbandry
23:07 Iron Casting
24:00 Wheelbarrow
25:45 Hand Cart
27:42 Gold Shaft Mining
29:36 Fletching
30:07 Chain Barding Armor
36:04 Imperial Age
34:08 Bodkin Arrow
35:30 Ballistics
35:21 Fortified Wall
35:50 Padded Archer Armor
35:56 Murder Holes
36:12 Masonry
36:35 Silk Armor
37:30 Timurid Siegecraft
37:57 Crop Rotation
38:14 Elite Steppe Lancer
39:57 Blast Furnace
40:16 Conscription
40:33 Plate Barding Armor
40:25 Bracer
40:13 Heavy Cavalry Archer
42:42 Hussar
45:30 Leather Archer Armor
47:55 Ring Archer Armor
51:55 Siege Engineers
53:51 Caravan
53:47 Heavy Camel Rider
62:22 Pikeman
63:02 Squires
62:51 Arson
63:08 Scale Mail Armor
63:46 Halberdier
ADORNI
6:49 Loom
12:05 Feudal Age
12:45 Feudal Age
23:39 Castle Age
22:09 Double-Bit Axe
22:11 Horse Collar
24:22 Bloodlines
29:41 Wheelbarrow
31:26 Hand Cart
31:15 Town Watch
32:14 Scale Barding Armor
33:16 Bow Saw
33:13 Heavy Plow
36:14 Murder Holes
36:41 Ballistics
39:35 Imperial Age
39:04 Chain Barding Armor
38:56 Forging
39:36 Steppe Husbandry
40:38 Conscription
41:15 Plate Barding Armor
41:20 Iron Casting
41:10 Elite Steppe Lancer
42:33 Scale Mail Armor
42:21 Pikeman
43:03 Squires
42:48 Arson
43:26 Halberdier
47:57 Caravan
50:20 Chain Mail Armor
51:10 Blast Furnace
56:03 Fletching
57:46 Bodkin Arrow
61:56 Man-at-Arms
63:14 Plate Mail Armor
62:39 Elite Kipchak
63:30 Padded Archer Armor
65:59 Two-Man Saw
65:22 Leather Archer Armor
64:51 Long Swordsman
66:55 Ring Archer Armor
67:39 Chemistry
70:50 Two-Handed Swordsman
Connection lost

Rejoining the realm…

Still unreachable

The connection could not be restored.

Session expired

The server has moved on; the page needs a fresh start.